[Event "Early-Titled-Tuesday-Blitz-March-05-2024"]
[Site "Chess.com"]
[Date "2024.03.05"]
[Round "9"]
[White "N4700000"]
[Black "TheAlienParty"]
[Result "0-1"]
[WhiteElo "2487"]
[BlackElo "2402"]
[TimeControl "180+1"]
[EndTime "9:46:26 PST"]
[Termination "TheAlienParty won on time"]

1. e4 e5 2. Bc4 Nf6 3. d3 d6 4.
Nc3 h6 5. f4 exf4 6. Bxf4 Be7 7. Nf3 O-O 8. Qd2 c6 9. Bb3 d5 10. e5 Nh5 11. Be3 Bg4 12. O-O Bxf3 13. Rxf3 d4 14.
Bxh6 dxc3 15. bxc3 Nd7 16. d4 Nb6 17. g4 Nd5 18. gxh5 Kh7 19. Be3 f5 20. Raf1 Qd7 21. Qd3 a5 22. Rxf5 Rxf5 23. Rxf5 Kh8 24. Rf3 a4 25.
Bxd5 Qxd5 26. Bd2 Bf8 27. Qf5 Qxa2 28. h6 Qg8 29. Rh3 g6 30. Qf6+ Kh7 31. Rf3 a3 0-1

[Event "Early-Titled-Tuesday-Blitz-March-05-2024"]
[Site "Chess.com"]
[Date "2024.03.05"]
[Round "9"]
[White "effefe"]
[Black "Szachulec75"]
[Result "0-1"]
[WhiteElo "2390"]
[BlackElo "2248"]
[TimeControl "180+1"]
[EndTime "9:46:26 PST"]
[Termination "Szachulec75 won by checkmate"]

1. d4 Nf6 2. c4 d6 3. Nc3 Nbd7 4. e4 e5 5. d5 Be7 6. f3 O-O 7. g4 c6 8. Be3 cxd5 9. cxd5 a6 10. h4 Ne8 11. g5 b5 12. Nh3 Nc5 13. Qd2 b4 14.
Ne2 Qa5 15. Kf2 Nb3 16. axb3 Qxa1 17. h5 Qa5 18. g6 f5 19. gxh7+ Kh8 20. Bg5 Ra7 21.
Bxe7 Rxe7 22. Ng5 fxe4 23. Nxe4 Bf5 24. N2g3 Bxh7 25. h6 g5 26. Qxg5 Qc7 27. Be2 Ref7 28.
Rc1 Qa7+ 29. Kg2 Qd7 30. Rc6 Rg8 31. Qh4 Rf4 32. Qh2 Bxe4 33. fxe4 Rxe4 34. h7 Rxe2+ 35.
Kg1 Rg7 36. Qxe2 Qh3 37. Kf2 Qxg3+ 38. Kf1 Qg1# 0-1

[Event "Early-Titled-Tuesday-Blitz-March-05-2024"]
[Site "Chess.com"]
[Date "2024.03.05"]
[Round "9"]
[White "wannabe2700"]
[Black "Zhigalko_Sergei"]
[Result "1-0"]
[WhiteElo "2790"]
[BlackElo "2890"]
[TimeControl "180+1"]
[EndTime "9:46:27 PST"]
[Termination "wannabe2700 won on time"]

1. b3 e5 2. Bb2 d6 3. e3 Nf6 4. c4 Be7 5. Nc3 O-O 6. d4 Nbd7 7.
Nf3 Re8 8. Be2 c6 9. O-O e4 10.
Nd2 d5 11. cxd5 cxd5 12. Rc1 Nf8 13. Nb5 Ne6 14. Ba3 Bxa3 15. Nxa3 Bd7 16. Qc2 Qe7 17. Qb2 h5 18. Bb5 h4 19. h3 a6 20. Bxd7 Qxd7 21. b4 Ng5 22. Kh2 Qd6+ 23. Kh1 Qd7 24. Kh2 Qd6+ 25. Kh1 Nh5 26. b5 Qe6 27. Kh2 Qd6+ 28. Kh1 Re6 29. Rc5 Rg6 30. Qc3 Nxh3 31. Rc8+ Kh7 32.
Rxa8 Nxf2+ 33. Rxf2 Qg3 34. Qc8 Rg5 35. Qg8+ Kh6 36.
Qxf7 Kh7 37. Nf1 Qg4 38. Qg8+ Kg6 39. Re8 h3 40. Re6+ Nf6 41. Rexf6+ 1-0

[Event "Early-Titled-Tuesday-Blitz-March-05-2024"]
[Site "Chess.com"]
[Date "2024.03.05"]
[Round "9"]
[White "toninhojit"]
[Black "Louis-Paulsen-Fan"]
[Result "1-0"]
[WhiteElo "2503"]
[BlackElo "2247"]
[TimeControl "180+1"]
[EndTime "9:46:28 PST"]
[Termination "toninhojit won on time"]

1. d4 d5 2. c4 e6 3. Nf3 c5 4. e3 Nc6 5. a3 a6 6. dxc5 Bxc5 7. b4 Ba7 8. Bb2 Nf6 9. cxd5 exd5 10. Be2 O-O 11.
O-O Bg4 12. Nbd2 Re8 13. h3 Bh5 14. Nb3 Ne4 15. Nbd4 Rc8 16. Rc1 Qd7 17. Nxc6 Rxc6 18. Rxc6 Qxc6 19. Nd4 Bxe2 20. Nxe2 Qc4 21. Bd4 Bxd4 22.
Nxd4 Rc8 23. Qg4 g6 24. Qd7 Rc7 25. Qd8+ Kg7 26. Nf3 Rc8 27. Qd7 Rc7 28. Qe8 Qc6 29.
Qe5+ f6 30. Qd4 Qc4 31. Qb6 Qc6 32. Qa7 b5 33. Qb8 Rc8 34. Qf4 Qc7 35. Qg4 f5 36. Qh4 Qd8 37. Qf4 Qc7 38. Qh4 h6 39. Rd1 Qf7 40.
Qf4 Rc2 41. Qe5+ Kh7 42. Rxd5 Rxf2 43. Qd4 1-0

[Event "Early-Titled-Tuesday-Blitz-March-05-2024"]
[Site "Chess.com"]
[Date "2024.03.05"]
[Round "9"]
[White "emeli_chess"]
[Black "LaPiToB"]
[Result "1-0"]
[WhiteElo "2420"]
[BlackElo "2273"]
[TimeControl "180+1"]
[EndTime "9:46:28 PST"]
[Termination "emeli_chess won on time"]

1. d4 Nf6 2. c4 e6 3. Nc3 Bb4 4.
Qc2 O-O 5. a3 Bxc3+ 6. Qxc3 Ne4 7.
Qc2 d5 8. Nf3 c5 9. dxc5 Nxc5 10.
b4 Ne4 11. Bb2 Nc6 12. e3 Nf6 13. Bd3 dxc4 14. Bxc4 Qe7 15. O-O Bd7 16. Bd3 h6 17. Rfd1 Rac8 18. Qe2 Rfd8 19. Rac1 Be8 20. Bb1 a6 21.
Rxd8 Rxd8 22. Qc2 Kf8 23. h3 b5 24. Nh2 Na7 25. Ng4 Rc8 26. Qd3 Rxc1+ 27. Bxc1 Nxg4 28. hxg4 Nc8 29. Bb2 f6 30. Bd4 Qc7 31. Bc5+ Ne7 32. g3 Bf7 33. Qd6 Qxd6 34. Bxd6 Ke8 35. Be4 Nc8 36.
Bc5 Kd7 37. Bb7 Nd6 38. Bxa6 Be8 39. Bxd6 Kxd6 40. Bb7 e5 41. f4 Bd7 42. Bf3 exf4 43. gxf4 g6 44. Kf2 Be6 45. e4 Bc4 46. Ke3 Kc6 47. Kd4 Kd6 48. e5+ fxe5+ 49. fxe5+ Ke6 50. a4 Bf1 51. a5 Kd7 52. Kc5 1-0

[Event "Early-Titled-Tuesday-Blitz-March-05-2024"]
[Site "Chess.com"]
[Date "2024.03.05"]
[Round "9"]
[White "PositionalPanther"]
[Black "Hope_6"]
[Result "1-0"]
[WhiteElo "2623"]
[BlackElo "2795"]
[TimeControl "180+1"]
[EndTime "9:46:30 PST"]
[Termination "PositionalPanther won by resignation"]

1. d4 d5 2. Nf3 Nf6 3. c3 c6 4. Qc2 Bg4 5. Ne5 Bh5 6. Qf5 Bg6 7. Qh3 Nbd7 8. Nxg6 fxg6 9. Bf4 Qb6 10. b3 Ne4 11. Qd3 e5 12. Be3 exd4 13. Bxd4 Bc5 14. f3 Nef6 15. Qe3+ Kf7 16. b4 Bxd4 17. Qxd4 Rhe8 18.
Qxb6 axb6 19. Kf2 b5 20. Nd2 Ra3 21. Nb1 Ra7 22. e3 Rea8 23. a3 Nb6 24. Ra2 Nfd7 25. h4 Ne5 26. h5 g5 27. h6 Nec4 28. hxg7 Kxg7 29. Bxc4 Nxc4 30. Re1 Nxa3 31. Nd2 Nc4 32. Rxa7 Rxa7 33. Nxc4 bxc4 34. e4 Kf6 35. f4 gxf4 36. Kf3 Ra3 37. Kxf4 Rxc3 38. e5+ Ke6 39. Rh1 Rc1 40.
Rxc1 1-0

[Event "Early-Titled-Tuesday-Blitz-March-05-2024"]
[Site "Chess.com"]
[Date "2024.03.05"]
[Round "9"]
[White "AttackSparrow"]
[Black "nicolasbatista3"]
[Result "1-0"]
[WhiteElo "2655"]
[BlackElo "2492"]
[TimeControl "180+1"]
[EndTime "9:46:30 PST"]
[Termination "AttackSparrow won by resignation"]

1. Nf3 d5 2. e3 Nf6 3. h3 e6 4. c4 Be7 5. d4 O-O 6. Nc3 b6 7. Bd3 Bb7 8. O-O Nbd7 9. b3 c5 10. Bb2 Rc8 11. Rc1 h6 12. Qe2 cxd4 13. exd4 Re8 14. Rfe1 Bf8 15. Bb1 Ba6 16. Bd3 Bb7 17. a3 a5 18. Red1 Qe7 19. Ne5 Nxe5 20. dxe5 Nd7 21.
cxd5 exd5 22. Bb5 Rc5 23. a4 Rec8 24. Ba3 d4 25. Bxc5 bxc5 26. Bxd7 Qxd7 27. Ne4 Qd5 28. f3 Qxb3 29. Qc4 Qxc4 30. Rxc4 Ba6 31. Rcc1 Be2 32.
Rxd4 cxd4 33. Rxc8 d3 34. Kf2 g6 35. Nc3 Kg7 36.
Nxe2 dxe2 37. Kxe2 Bb4 38. f4 g5 39. Kf3 gxf4 40. Kxf4 1-0

[Event "Early-Titled-Tuesday-Blitz-March-05-2024"]
[Site "Chess.com"]
[Date "2024.03.05"]
[Round "9"]
[White "AlexandraSamaganova"]
[Black "David_George21"]
[Result "0-1"]
[WhiteElo "2289"]
[BlackElo "2413"]
[TimeControl "180+1"]
[EndTime "9:46:30 PST"]
[Termination "David_George21 won on time"]

1. c4 c5 2. Nc3 Nc6 3. g3 g6 4. Bg2 Bg7 5. a3 d6 6. Rb1 a5 7.
Nf3 e5 8. O-O Nge7 9. Ne1 O-O 10. Nc2 f5 11. b4 axb4 12. axb4 e4 13. Nd5 Be6 14. bxc5 dxc5 15. Nxe7+ Qxe7 16. Ne3 Rfd8 17. Qb3 Nd4 18. Qxb7 Nxe2+ 19. Kh1 Qxb7 20. Rxb7 Nxc1 21. Rxc1 Rxd2 22. Kg1 Bd4 23. Re7 Bf7 24. Nd1 Raa2 25. Bf1 Rac2 26. Rxc2 Rxc2 27. Rc7 Rc1 28. Ne3 Bxe3 29.
fxe3 Bxc4 30. Kg2 Bxf1+ 31. Kf2 Bd3 32. h4 c4 33. h5 gxh5 34. Rc5 c3 35. Kg2 c2 0-1

[Event "Early-Titled-Tuesday-Blitz-March-05-2024"]
[Site "Chess.com"]
[Date "2024.03.05"]
[Round "9"]
[White "Muracle"]
[Black "GelmanAlexander"]
[Result "1-0"]
[WhiteElo "2550"]
[BlackElo "2666"]
[TimeControl "180+1"]
[EndTime "9:46:31 PST"]
[Termination "Muracle won on time"]

1. d4 Nf6 2. Nf3 c5 3. d5 e6 4. c4 b5 5. Nc3 b4 6. Na4 exd5 7. cxd5 d6 8. Bg5 Be7 9. e3 h6 10. Bh4 O-O 11. Bc4 Nbd7 12. O-O Nb6 13. Nxb6 axb6 14.
Qd3 Bg4 15. e4 Bxf3 16. Qxf3 Nd7 17. Bxe7 Qxe7 18. Bb5 Ne5 19. Qe2 Ra5 20. a4 bxa3 21. bxa3 g5 22. a4 Ng6 23. Rae1 Ra7 24. g3 Qe5 25.
Qh5 Kg7 26. f4 gxf4 27. Qxe5+ dxe5 28. Rd1 Kf6 29. d6 Rd8 30. Kg2 Ke6 31. Bc4+ Kf6 32. Bb5 h5 33. Rd5 h4 34. Kh3 hxg3 35. hxg3 Ke6 36. Rfd1 fxg3 37. Kxg3 Nf4 38. R5d2 Rg8+ 39. Kf3 Rh8 40. d7 Rd8 41. Rd6+ Ke7 42. Rxb6 Ne6 43.
Rd5 f6 44. Rdd6 Ng5+ 45. Ke3 Nf7 46. Rxf6 Rdxd7 47. Rbe6+ Kf8 48. Bxd7 Rxd7 49. a5 Ra7 50. a6 Kg7 51. Rg6+ Kf8 52. Rb6 Ke7 53. Rb7+ 1-0

[Event "Early-Titled-Tuesday-Blitz-March-05-2024"]
[Site "Chess.com"]
[Date "2024.03.05"]
[Round "9"]
[White "Kotofeyca"]
[Black "M1711"]
[Result "0-1"]
[WhiteElo "2448"]
[BlackElo "2578"]
[TimeControl "180+1"]
[EndTime "9:46:32 PST"]
[Termination "M1711 won on time"]

1. d4 Nf6 2. c4 e6 3. Nf3 Bb4+ 4. Nbd2 d5 5. a3 Be7 6. Qc2 O-O 7. e4 dxe4 8. Nxe4 Nc6 9. Be3 Nxe4 10. Qxe4 f5 11. Qd3 f4 12. Bd2 Bf6 13. Bc3 Re8 14. O-O-O b5 15.
Qe4 Bd7 16. Bd3 g6 17. cxb5 Ne7 18. Qxf4 Nd5 19. Qe4 Rb8 20. h4 Bxb5 21. h5 Nxc3 22. bxc3 Bxd3 23. Rxd3 Qd6 24. hxg6 e5 25. gxh7+ Kh8 26.
dxe5 Qxa3+ 27. Kd2 Be7 28. e6 Rb2+ 29. Ke3 Bf6 30. Qf5 Rf8 31. Qd5 Qe7 32. Nd4 Bg5+ 0-1

[Event "Early-Titled-Tuesday-Blitz-March-05-2024"]
[Site "Chess.com"]
[Date "2024.03.05"]
[Round "9"]
[White "NM_Antelacus"]
[Black "Matols"]
[Result "1-0"]
[WhiteElo "2286"]
[BlackElo "2374"]
[TimeControl "180+1"]
[EndTime "9:46:34 PST"]
[Termination "NM_Antelacus won on time"]

1. e4 c6 2. d4 d5 3. e5 c5 4. dxc5 e6 5. Be3 Nd7 6. Nf3 Bxc5 7.
Bxc5 Nxc5 8. Bd3 Nxd3+ 9. cxd3 Qb6 10. Qd2 Ne7 11. O-O O-O 12. Nc3 Bd7 13. Rac1 Rfc8 14.
b3 a5 15. Ne2 Bb5 16. Ned4 a4 17. b4 Nc6 18. Nxc6 Rxc6 19. Rxc6 bxc6 20. Rc1 h6 21. a3 Qa6 22. d4 Bc4 23. Qf4 Be2 24.
Ne1 Rc8 25. h4 Bd3 26. Qe3 Be4 27. Rc3 Qb7 28. Kh2 Qe7 29. Qg3 f6 30. f3 Bf5 31.
Re3 Qf7 32. exf6 Qxf6 33. Re5 Rf8 34. Qf2 Qg6 35. g3 Qf6 36. Ng2 g5 37. Ne3 Kg7 38. h5 Bd3 39. Kg2 Rf7 40. Ng4 Qe7 41. Qe3 1-0

[Event "Early-Titled-Tuesday-Blitz-March-05-2024"]
[Site "Chess.com"]
[Date "2024.03.05"]
[Round "9"]
[White "lilleper1"]
[Black "Polish_fighter3000"]
[Result "0-1"]
[WhiteElo "2924"]
[BlackElo "3111"]
[TimeControl "180+1"]
[EndTime "9:46:37 PST"]
[Termination "Polish_fighter3000 won by checkmate"]

1. e4 b6 2. d4 Bb7 3. Bd3 e6 4. Nf3 g6 5. O-O Bg7 6. c4 d6 7. Nc3 Nd7 8. Be3 Ne7 9. Qd2 O-O 10. Bh6 e5 11. Rad1 a5 12. b3 exd4 13. Bxg7 Kxg7 14. Nxd4 Nc6 15. Ndb5 Na7 16. Be2 Nxb5 17. cxb5 Nc5 18.
Bf3 Qf6 19. Rc1 Rae8 20. Rfe1 h5 21. h3 h4 22. Qd1 Re5 23. Re3 Rfe8 24. Qe2 Ne6 25.
Na4 Re7 26. Rc4 Ng5 27. Nc3 Kg8 28. Qd3 Ne6 29. Na4 Qg5 30. Nc3 Nf4 31. Qd2 Nxh3+ 32.
Kh2 Nf4 33. Re1 Qf6 34. Rc1 Ne6 35. a3 h3 36. Kxh3 Ng5+ 37. Kg3 Nxf3 38. gxf3 Rg5+ 39. Kh2 Qh8# 0-1

[Event "Early-Titled-Tuesday-Blitz-March-05-2024"]
[Site "Chess.com"]
[Date "2024.03.05"]
[Round "9"]
[White "subham777"]
[Black "LikeWater"]
[Result "1-0"]
[WhiteElo "2574"]
[BlackElo "2681"]
[TimeControl "180+1"]
[EndTime "9:46:37 PST"]
[Termination "subham777 won on time"]

1. e4 c6 2. c4 d5 3. cxd5 cxd5 4. exd5 Nf6 5. Nf3 g6 6. Nc3 Bg7 7. d4 O-O 8. Bc4 Nbd7 9. d6 Nb6 10. dxe7 Qxe7+ 11. Be2 Rd8 12. O-O Bf5 13. Re1 Rac8 14. Bc4 Qc7 15. Bb3 Nc4 16. Qe2 Re8 17. Ne5 Nxe5 18.
dxe5 Ng4 19. Nd5 Qc5 20. Bf4 Nxe5 21. Rac1 Qxc1 22. Bxc1 Nf3+ 23. gxf3 Rxe2 24. Rxe2 Rxc1+ 25. Kg2 Kf8 26. Re7 Bd3 27. Rxb7 Be5 28. Ne3 f5 29.
Rf7+ Ke8 30. Rxa7 f4 31. Ra5 Bc7 32. Rd5 Be2 33. Rd2 1-0

[Event "Early-Titled-Tuesday-Blitz-March-05-2024"]
[Site "Chess.com"]
[Date "2024.03.05"]
[Round "9"]
[White "kinga2008"]
[Black "Shuvalov"]
[Result "1-0"]
[WhiteElo "2434"]
[BlackElo "2534"]
[TimeControl "180+1"]
[EndTime "9:46:37 PST"]
[Termination "kinga2008 won by checkmate"]

1. e4 e6 2. d4 d5 3. Nc3 Bb4 4. e5 c5 5. a3 Bxc3+ 6. bxc3 Ne7 7. Qg4 Qc7 8. Qxg7 Rg8 9. Qxh7 cxd4 10. Ne2 Nbc6 11. Qd3 dxc3 12. f4 d4 13. h4 Bd7 14.
h5 O-O-O 15. g3 Kb8 16. Bg2 Bc8 17. h6 b6 18. Rb1 Bb7 19. h7 Rh8 20. Be4 Qc8 21. a4 Nd5 22. Ba3 f5 23. Bxd5 Rxd5 24. Rh6 Qd7 25. Bd6+ Ka8 26. Kf2 Rxd6 27. exd6 Rxh7 28.
Rbh1 Nb4 29. Qxd4 Bxh1 30. Rxh7 Qxh7 31. Qxb4 Qh2+ 32. Ke3 Bc6 33. Qxc3 Kb7 34. Qg7+ Ka6 35. Qc7 Qg2 36. Kd2 Qd5+ 37. Ke1 Bxa4 38. Nc3 Qa5 39. Qc8# 1-0

[Event "Early-Titled-Tuesday-Blitz-March-05-2024"]
[Site "Chess.com"]
[Date "2024.03.05"]
[Round "9"]
[White "Egor_Koshulyan"]
[Black "GMKrikor"]
[Result "0-1"]
[WhiteElo "2723"]
[BlackElo "2866"]
[TimeControl "180+1"]
[EndTime "9:46:38 PST"]
[Termination "GMKrikor won by resignation"]

1. f4 d5 2. Nf3 g6 3. g3 Bg7 4.
Bg2 Nh6 5. O-O O-O 6. d3 d4 7. c3 Nf5 8. cxd4 Nxd4 9. Nc3 c5 10. Be3 Nbc6 11. Rc1 Bg4 12. Ne4 b6 13. Qd2 Qd7 14. Neg5 Rad8 15. Nxd4 Nxd4 16. Nf3 Rfe8 17. Rc4 Be6 18.
Rcc1 Bxa2 19. Bxd4 Bxd4+ 20. Nxd4 Qxd4+ 21. Kh1 Bd5 22. f5 Bxg2+ 23. Kxg2 c4 24. Rc3 b5 25. fxg6 hxg6 26.
Rf4 Qe5 27. Qc2 cxd3 28. Rxd3 Rxd3 29. exd3 Rd8 30. Qb3 Qd5+ 31. Qxd5 Rxd5 32. d4 a5 33. Kf3 e6 34. Ke4 Kf8 35. Rf3 Ke7 36. Rc3 Kd7 37.
h4 b4 38. g4 bxc3 0-1

[Event "Early-Titled-Tuesday-Blitz-March-05-2024"]
[Site "Chess.com"]
[Date "2024.03.05"]
[Round "9"]
[White "Kotlyar_K"]
[Black "sokidze"]
[Result "0-1"]
[WhiteElo "2597"]
[BlackElo "2778"]
[TimeControl "180+1"]
[EndTime "9:46:38 PST"]
[Termination "sokidze won by resignation"]

1. d4 d5 2. c4 e6 3. Nc3 a6 4.
cxd5 exd5 5. Bf4 Nf6 6. e3 Bd6 7. Bg5 c6 8. Bd3 O-O 9. Nge2 Re8 10. h3 Nbd7 11. O-O Nf8 12. Qc2 Ng6 13. Rac1 h6 14.
Bxg6 hxg5 15. Bf5 g6 16. Bxc8 Rxc8 17. Qd3 Qe7 18. Rce1 Kg7 19. Ng3 Qe6 20. e4 Bxg3 21. Qxg3 Nxe4 22. Nxe4 dxe4 23. Qxg5 Qxa2 24. Qf4 Qd5 25.
Rd1 Rcd8 26. Rfe1 Re6 27. Re3 c5 28. Rc3 cxd4 29. Rc7 Rd7 30. Rdc1 e3 31. fxe3 dxe3 32. R7c5 Qd4 33. Qg3 e2+ 34. Kh2 Qxc5 35. Rxc5 e1=Q 36.
Qg4 0-1

[Event "Early-Titled-Tuesday-Blitz-March-05-2024"]
[Site "Chess.com"]
[Date "2024.03.05"]
[Round "9"]
[White "karinachess1"]
[Black "AlexPapasimakopoulos"]
[Result "0-1"]
[WhiteElo "2593"]
[BlackElo "2748"]
[TimeControl "180+1"]
[EndTime "9:46:39 PST"]
[Termination "AlexPapasimakopoulos won by resignation"]

1. d4 e6 2. c4 d5 3. Nc3 a6 4. cxd5 exd5 5. Bf4 c6 6. e3 Bd6 7. Bxd6 Qxd6 8. Bd3 Ne7 9. Qc2 Qf6 10. Nf3 Bf5 11. Bxf5 Qxf5 12. Qb3 Qc8 13. Rc1 O-O 14. Na4 Nd7 15. Nb6 Nxb6 16. Qxb6 Nf5 17. O-O Nd6 18. Ne5 Qe6 19. Qb3 h5 20. Nd3 h4 21. h3 g5 22.
Nc5 Qe7 23. Qd3 Kg7 24. Rce1 Rae8 25. f3 f5 26. b3 Rf6 27. Qd1 Nf7 28. f4 Rg6 29. Nd3 Qe4 30. Nf2 Qe7 31. Nd3 g4 32. hxg4 Rxg4 33. Ne5 Nxe5 34. fxe5 Qg5 35. Qf3 Kg6 36.
Rf2 Rh8 37. Ref1 h3 38. Qe2 Rg3 39. e4 dxe4 40. e6 hxg2 41. Rxg2 Rxg2+ 42. Qxg2 Qxg2+ 43. Kxg2 Kf6 44. d5 cxd5 45. Rc1 Rh7 46. Rc5 Kxe6 47. Kg3 Ke5 48. Rc8 f4+ 49. Kf2 Rh2+ 50. Kg1 Rxa2 51. Rc2 0-1

[Event "Early-Titled-Tuesday-Blitz-March-05-2024"]
[Site "Chess.com"]
[Date "2024.03.05"]
[Round "9"]
[White "Sjakkerntobi"]
[Black "ansko1999"]
[Result "0-1"]
[WhiteElo "2472"]
[BlackElo "2707"]
[TimeControl "180+1"]
[EndTime "9:46:39 PST"]
[Termination "ansko1999 won by resignation"]

1. e4 d6 2. d4 Nf6 3. Nc3 c6 4.
a4 e5 5. dxe5 dxe5 6. Qxd8+ Kxd8 7. Bc4 Be6 8. Bxe6 fxe6 9. Be3 Nbd7 10. f3 Bc5 11. Bxc5 Nxc5 12. b4 Ncd7 13. Nge2 Kc7 14. Kf2 a5 15. Rhb1 axb4 16. Rxb4 Ra5 17. Rab1 Nc5 18.
Nc1 Nfd7 19. Ke3 Rha8 20. Nd3 R8a7 21. Rc4 Kd6 22. Rd1 Kc7 23. Nxc5 Nxc5 24. Nb5+ cxb5 25. Rxc5+ Kb6 26. Rxb5+ Rxb5 27. axb5 Ra3+ 28. Rd3 Rxd3+ 29. cxd3 Kxb5 30. d4 exd4+ 31. Kxd4 Kc6 32. Kc4 e5 33. g3 g5 34. h4 gxh4 35. gxh4 h5 36. Kb4 b5 37.
Kb3 Kc5 38. Kc3 b4+ 39. Kd3 Kb5 40. Ke3 Kc4 41. f4 exf4+ 42. Kxf4 b3 43. e5 b2 0-1

[Event "Early-Titled-Tuesday-Blitz-March-05-2024"]
[Site "Chess.com"]
[Date "2024.03.05"]
[Round "9"]
[White "JaackCamel"]
[Black "pfalcon1949"]
[Result "0-1"]
[WhiteElo "2222"]
[BlackElo "1956"]
[TimeControl "180+1"]
[EndTime "9:46:39 PST"]
[Termination "pfalcon1949 won by checkmate"]

1. d4 Nf6 2. c4 c5 3. d5 b5 4.
cxb5 a6 5. bxa6 g6 6. Nc3 Bg7 7. e4 O-O 8. Nf3 Qa5 9. Bd2 Bxa6 10.
Be2 Bxe2 11. Qxe2 Qa6 12. a4 d6 13. Qxa6 Nxa6 14. Ke2 Nb4 15. Rhc1 Rfb8 16. Bg5 h6 17. Be3 Ng4 18. Nd2 Nxe3 19. Kxe3 Bd4+ 20. Ke2 Kg7 21. f3 f5 22. exf5 gxf5 23. a5 Bxc3 24. bxc3 Nxd5 25. Ra3 Ra6 26. g3 Kf6 27. Nc4 Nc7 28.
Ne3 e6 29. Rd1 Rb2+ 30. Kf1 Rxh2 31. Nc4 Rh1+ 32. Ke2 Rxd1 33. Kxd1 Nd5 34. Kd2 h5 35. Rb3 Ra7 36. Rb8 Ke7 37. Rh8 f4 38. Rh7+ Kf6 39.
Rxa7 fxg3 40. Nxd6 g2 41. Ne4+ Kg6 42. Ra8 Kg7 43.
Ra7+ Kh6 44. Ra8 Nf6 45. Nxf6 g1=Q 46. Ne4 Qg2+ 47. Ke3 Qg1+ 48. Kf4 Qc1+ 49. Ke5 Qe3 50. Rf8 Kg7 51. Re8 Qxf3 52. Rd8 Qf5+ 53. Kd6 Qxe4 54. Rd7+ Kf6 55. a6 Qd5+ 56. Kc7 Qc4 57. a7 Qa6 58.
Kb8 Qb6+ 59. Rb7 Qd8# 0-1

[Event "Early-Titled-Tuesday-Blitz-March-05-2024"]
[Site "Chess.com"]
[Date "2024.03.05"]
[Round "9"]
[White "TheCavemanChess"]
[Black "ContrVersia"]
[Result "0-1"]
[WhiteElo "2714"]
[BlackElo "2865"]
[TimeControl "180+1"]
[EndTime "9:46:40 PST"]
[Termination "ContrVersia won by resignation"]

1. e4 c5 2. Nf3 a6 3. c4 Nc6 4. d4 cxd4 5. Nxd4 e5 6. Nf5 d6 7. Nc3 g6 8. Ne3 Bh6 9. Bd3 Be6 10. h4 Nf6 11. Ncd5 Bxd5 12. cxd5 Nd4 13. Bd2 b5 14.
Rc1 Rc8 15. g3 O-O 16. Rxc8 Qxc8 17. h5 Nxh5 18. Kf1 Bg7 19. Bb4 Qd7 20. Rxh5 gxh5 21. Qxh5 Qc7 22. Kg2 Qe7 23. Qg4 Kh8 24. Kg1 Bh6 25. Qh5 Bg7 26. Qh3 Bf6 27. Nf5 Nxf5 28. Qxf5 Bg7 29. Kg2 Qc7 30. Bd2 Kg8 31. Qg4 Qc8 32. Qd1 Qc5 33. Be3 Qc8 34. Be2 f5 35. exf5 Qxf5 36. Bg4 Qe4+ 37. Kg1 Kh8 38. Be6 Qf3 39.
Qxf3 Rxf3 40. Kg2 Rf8 41. Bg5 Bf6 42. Be3 Kg7 43. Kf3 e4+ 44. Kxe4 Bxb2 45. f4 h5 46. Bb6 Bf6 47. Bc7 Be7 48. Bb6 Rb8 49. Be3 b4 50. f5 a5 51. Bd7 b3 52. axb3 Rxb3 0-1

[Event "Early-Titled-Tuesday-Blitz-March-05-2024"]
[Site "Chess.com"]
[Date "2024.03.05"]
[Round "9"]
[White "Let_it_be_1"]
[Black "manitodeplomo"]
[Result "0-1"]
[WhiteElo "2583"]
[BlackElo "2712"]
[TimeControl "180+1"]
[EndTime "9:46:40 PST"]
[Termination "manitodeplomo won by resignation"]

1. e4 e6 2. d4 d5 3. Nd2 c5 4. Ngf3 cxd4 5. exd5 Qxd5 6. Bc4 Qd8 7. O-O Nc6 8. Nb3 Nf6 9. Nfxd4 Nxd4 10. Qxd4 Qxd4 11. Nxd4 Bc5 12. Rd1 Ke7 13. Be3 Bb6 14. h3 Bd7 15. a4 Rhc8 16. b3 Ne4 17. a5 Bc5 18.
Ne2 Bxe3 19. fxe3 Rc7 20. Rd4 Nd6 21. Bd3 e5 22. Rb4 f5 23. c4 g6 24. Nc3 Bc6 25. c5 Nf7 26. a6 Nd8 27. Nb5 Bxb5 28. Rxb5 Rb8 29. b4 Nc6 30. axb7 Rcxb7 31. Rxb7+ Rxb7 32.
b5 Nb4 33. Bc4 Rc7 34. Bb3 Rxc5 35. Rxa7+ Kf6 36. b6 Rb5 37. Rb7 e4 38. h4 Nc6 39.
Rc7 Rxb6 40. Bd5 Ne5 41. Rxh7 Rb1+ 42. Kh2 Ng4+ 43. Kg3 Nxe3 44. Bc6 Rf1 45. h5 f4+ 46. Kh2 Ng4+ 47. Kh3 Nf2+ 0-1

[Event "Early-Titled-Tuesday-Blitz-March-05-2024"]
[Site "Chess.com"]
[Date "2024.03.05"]
[Round "9"]
[White "vladgoncharov"]
[Black "Mesa_1"]
[Result "1-0"]
[WhiteElo "2640"]
[BlackElo "2497"]
[TimeControl "180+1"]
[EndTime "9:46:40 PST"]
[Termination "vladgoncharov won by checkmate"]

1. d4 e6 2. c4 Nf6 3. Nc3 Bb4 4. e3 O-O 5. Bd3 d5 6. Ne2 dxc4 7. Bxc4 c5 8. O-O a6 9. a3 Bxc3 10. bxc3 Qc7 11. Bd3 e5 12. dxe5 Qxe5 13. Rb1 Nc6 14. c4 Rd8 15. Qc2 Rxd3 16. Qxd3 Bf5 17. Qb3 Bxb1 18. Qxb1 Qe6 19. Nf4 Qxc4 20. Qxb7 Rb8 21. Qxc6 h6 22. Bd2 Ne4 23. Ba5 Rb5 24. Qd7 Nf6 25. Qd8+ Kh7 26. h3 Qc2 27. Qd2 Qa4 28.
Bc3 Ne4 29. Qc1 Rb3 30. Ba1 Rxa3 31. Nd5 Qa5 32. Qc2 f5 33. Be5 Ra2 34. Qd3 Ra3 35. Qc4 Nd2 36. Qf4 Nxf1 37. Qxf5+ Kg8 38. Qe6+ Kh7 39.
Qf5+ Kg8 40. Ne7+ Kh8 41. Qf8+ Kh7 42. Qxg7# 1-0

[Event "Early-Titled-Tuesday-Blitz-March-05-2024"]
[Site "Chess.com"]
[Date "2024.03.05"]
[Round "9"]
[White "ChessQueen"]
[Black "Bauman_Guy"]
[Result "0-1"]
[WhiteElo "2764"]
[BlackElo "2918"]
[TimeControl "180+1"]
[EndTime "9:46:41 PST"]
[Termination "Bauman_Guy won by resignation"]

1. e4 c5 2. d4 cxd4 3. Qxd4 Nc6 4. Qd3 g6 5. Nc3 Bg7 6. Nf3 d6 7. Be2 h6 8. O-O Nf6 9. Nd5 O-O 10. c3 Nxd5 11. exd5 Nb8 12. Bf4 Nd7 13. Qd2 g5 14. Be3 Nf6 15. c4 Bf5 16. Nd4 Bg6 17. f4 Ne4 18. Qc1 Qb6 19. Nb3 Bxb2 20. Bxb6 Bxc1 21. Raxc1 axb6 22. f5 Bh7 23. Rc2 Ra3 24. g4 Rfa8 25.
Nc1 Nc3 26. Rb2 b5 27. cxb5 Nxa2 28. Nxa2 Rxa2 29. Rfb1 b6 30. Kf2 Kg7 31. h3 Kf6 32. Bc4 Rxb2+ 33. Rxb2 Ra3 34. Bf1 e6 35. dxe6 fxe6 36.
fxe6 Kxe6 37. Re2+ Kf6 38. Rd2 Ke5 39. Re2+ Be4 40. Bg2 d5 41. Bxe4 dxe4 42. Rc2 Rxh3 43. Rc6 Kf4 44. Rxb6 Kxg4 45. Re6 Kf5 46. Rc6 h5 47. b6 Rb3 48. Rc5+ Kf4 49. Rc6 Rb2+ 50. Ke1 h4 51. Rf6+ Kg3 52. Rg6 g4 0-1

[Event "Early-Titled-Tuesday-Blitz-March-05-2024"]
[Site "Chess.com"]
[Date "2024.03.05"]
[Round "9"]
[White "Austen48"]
[Black "SahibSinghKnight"]
[Result "0-1"]
[WhiteElo "2315"]
[BlackElo "2585"]
[TimeControl "180+1"]
[EndTime "9:46:41 PST"]
[Termination "SahibSinghKnight won by resignation"]

1. d4 d5 2. c4 e6 3. Nc3 Be7 4. Nf3 Nf6 5. Bg5 Nbd7 6. e3 h6 7. Bh4 O-O 8. cxd5 Nxd5 9. Bxe7 Qxe7 10. Bd3 b6 11. Nxd5 exd5 12. O-O Bb7 13. Rc1 c5 14.
Bb1 g6 15. b3 Rac8 16. Qd3 c4 17. Qd2 b5 18. Qa5 a6 19. h4 Qd8 20. Qb4 a5 21. Qd6 Rc6 22. Qg3 Qc7 23. Ne5 Nxe5 24. dxe5 Re8 25.
f4 b4 26. Kh2 h5 27. Rcd1 c3 28. Bc2 Rb6 29. Rd4 Qe7 30. Rfd1 Rc8 31. e4 dxe4 32. Rd7 Qe6 33. R7d6 Rxd6 34. Rxd6 Qg4 35. Qf2 e3 36. Qg3 e2 37. Qxg4 hxg4 0-1

[Event "Early-Titled-Tuesday-Blitz-March-05-2024"]
[Site "Chess.com"]
[Date "2024.03.05"]
[Round "9"]
[White "IlanSchnaider"]
[Black "Practical-Play"]
[Result "1-0"]
[WhiteElo "2661"]
[BlackElo "2533"]
[TimeControl "180+1"]
[EndTime "9:46:42 PST"]
[Termination "IlanSchnaider won by checkmate"]

1. e4 d5 2. exd5 Nf6 3. d4 Bg4 4. Be2 Bxe2 5. Nxe2 Qxd5 6. O-O e6 7. Nbc3 Qa5 8. Qd3 Nc6 9. Bd2 O-O-O 10. Qc4 Qh5 11. h3 Bd6 12. Nb5 Be7 13. Bf4 Nd5 14.
Bh2 a6 15. a4 axb5 16. axb5 Nb6 17. bxc6 Bd6 18. cxb7+ Kd7 19. Qd3 Rb8 20. Bxd6 cxd6 21. Ng3 Qd5 22. b3 Qxb7 23. c4 Nc8 24. Rfb1 Ke7 25.
Ne4 f5 26. Nd2 Na7 27. Qg3 g6 28. Nf3 Nc6 29. d5 Nd8 30. Re1 e5 31. Nxe5 dxe5 32. Qxe5+ Kd7 33. Qxh8 Kc8 34. Re8 Qd7 35. Rae1 Kc7 36.
Qe5+ Kb7 37. Re7 Qxe7 38. Qxe7+ Ka6 39. Qd6+ Kb7 40. Re7+ Kc8 41. Qd7# 1-0